 Dungeon Crawl Stone Soup version 0.30-a0-913-g9934a0ce24 (webtiles) character file.

Game seed: 13776302149070086006

34 cforsyth the Trooper (level 3, 27/29 HPs)
             Began as a Human Fighter on Mar 20, 2023.
             Quit the game on level 2 of the Dungeon.
             The game lasted 00:02:07 (1089 turns).

cforsyth the Trooper (Human Fighter)                Turns: 1089, Time: 00:02:08

Health: 27/29      AC:  6    Str: 18    XL:     3   Next: 50%
Magic:  3/3        EV:  9    Int:  8    God:
Gold:   73         SH:  4    Dex: 12    Spells: 2/2 levels left

rFire   . . .      SeeInvis .    a - +0 flail
rCold   . . .      Faith    .    c - +0 buckler
rNeg    . . .      Spirit   .    b - +0 scale mail
rPois   .          Reflect  .    (no helmet)
rElec   .          Rampage  .    (no cloak)
rCorr   .                        (no gloves)
Will    .....                    (no boots) Stlth
                                 (no amulet)
HPRegen 0.24/turn                (no ring)
MPRegen 0.08/turn                (no ring)

@: no status effects
A: talons 1, inability to read after injury 1, MP-powered wands, sturdy frame 1
a: no special abilities


You were on level 2 of the Dungeon.
You visited 1 branch of the dungeon, and saw 2 of its levels.

You collected 73 gold pieces.

Inventory:

Hand Weapons
 a - a +0 flail (weapon)
Armour
 b - a +0 scale mail (worn)
 c - a +0 buckler (worn)
Scrolls
 e - a scroll of noise {unknown}
 f - a scroll of magic mapping {unknown}
 h - a scroll of amnesia {unknown}
Potions
 d - a potion of might
 j - a potion of invisibility {unknown}
 k - a potion of heal wounds {unknown}


   Skills:
 + Level 3.4 Fighting
 - Level 2.0 Maces & Flails
 + Level 3.4 Armour
 + Level 3.4 Shields


You had 2 spell levels left.
You didn't know any spells.
Your spell library contained the following spells:

 Spells                   Type           Power      Damage    Failure   Level
 Static Discharge         Conj/Air       0%         2-2/arc   87%         2
 Vhi's Electric Charge    Tloc/Air       0%         N/A       98%         3
 Arcjolt                  Conj/Air       0%         1d10      100%        5
 Plasma Beam              Fire/Air       0%         2x1d11    100%        5


Dungeon Overview and Level Annotations

Branches:
Dungeon (2/15)

Altars:
Ru


Innate Abilities, Weirdness & Mutations

You have sharp toenails.
You occasionally lose the ability to read scrolls when taking damage.
You expend magic power (3 MP) to strengthen your wands.
Your movements are slightly less encumbered by armour. (ER -2)


Message History

No target in view!
A dart slug comes into view.
Found a scroll labelled UGOIWNITZISHRAO.
Things that are here:
a +0 club; a kobold corpse The dart slug launches a dart at you.
The slug dart hits you but does no damage.
The dart slug launches a dart at you. The slug dart misses you.
You see here 2 potions of mutation.
The dart slug launches a dart at you. The slug dart misses you.
You hit the dart slug.
The dart slug is moderately wounded.
The dart slug launches a dart at you. The slug dart misses you.
You hit the dart slug.
The dart slug is heavily wounded.
The dart slug bites you.
You thump the dart slug!
You kill the dart slug!
No target in view!
You see here 2 potions of mutation.
g - 2 potions of mutation Really quaff the potion of mutation?
You feel extremely strange.
You shed all your fur.
You begin to regenerate regardless of the presence of monsters.
Iridescent scales grow over part of your body.
You feel clever.
Your toenails lengthen and sharpen.
Really quaff the potion of mutation? [Y]es or [N]o only, please.
Really quaff the potion of mutation?
You feel extremely strange.
Your iridescent scales disappear.
You feel stupid.
You occasionally lose the ability to read scrolls when taking damage.
You feel less encumbered by your armour.
You feel your magical essence link to the dungeon's wands.
Unknown command.
Are you sure you want to abandon this character and quit the game? (Confirm with "yes".)

. #.# # #.
#.# +. #.
#.# #?.#.#
#.#
#....###.#
#....).# .
#####..#.#
.
#......$.#
.
#...@....#
.
#.......>#
.
##########
.


There were no monsters in sight!

Vanquished Creatures
  An adder (D:2)
  A dart slug (D:2)
  3 endoplasms (D:1)
  2 giant cockroaches (D:1)
  A goblin (D:1)
  2 hobgoblins
  A quokka (D:1)
  A ball python (D:2)
  2 bats (D:1)
  2 frilled lizards (D:1)
  5 kobolds
  2 rats (D:1)
23 creatures vanquished.

Notes
Turn   | Place    | Note
-------+----------+-------------------------------------------
     0 | D:1      | cforsyth the Human Fighter began the quest for the Orb.
     0 | D:1      | Reached XP level 1. HP: 18/18 MP: 1/1
   176 | D:1      | Reached XP level 2. HP: 24/24 MP: 2/2
   526 | D:1      | Found a faded altar of an unknown god.
   621 | D:2      | Found a sacrificial altar of Ru.
   981 | D:2      | Gained mutation: You are covered in fur. (AC +1) [potion of
                  | mutation]
   981 | D:2      | Gained mutation: You do not regenerate when monsters are
                  | visible. [potion of mutation]
   981 | D:2      | HP: 1/24 [poisoned by an adder]
   985 | D:2      | Reached XP level 3. HP: 15/29 MP: 3/3
  1087 | D:2      | Lost mutation: You are covered in fur. (AC +1) [potion of
                  | mutation]
  1087 | D:2      | Lost mutation: You do not regenerate when monsters are
                  | visible. [potion of mutation]
  1087 | D:2      | Gained mutation: You are partially covered in iridescent
                  | scales. (AC +2) [potion of mutation]
  1087 | D:2      | Gained mutation: Your mind is acute. (Int +4, Str/Dex -1)
                  | [potion of mutation]
  1087 | D:2      | Gained mutation: You have sharp toenails. [potion of
                  | mutation]
  1088 | D:2      | Lost mutation: You are partially covered in iridescent
                  | scales. (AC +2) [potion of mutation]
  1088 | D:2      | Lost mutation: Your mind is acute. (Int +4, Str/Dex -1)
                  | [potion of mutation]
  1088 | D:2      | Gained mutation: You occasionally lose the ability to read
                  | scrolls when taking damage. [potion of mutation]
  1088 | D:2      | Gained mutation: Your movements are slightly less
                  | encumbered by armour. (ER -2) [potion of mutation]
  1088 | D:2      | Gained mutation: You expend magic power (3 MP) to
                  | strengthen your wands. [potion of mutation]
  1089 | D:2      | Quit the game

Illustrated notes

Levels and vault maps discovered:
D:1:      scummos_arrival_simple_fountains, layout_basic,
          shapermc_ecumenical_altar_pompeii
D:2:      layout_basic, basic_altar

Action                     || total
---------------------------++-------
  Melee: Flail             ||    71
    Use: Potion            ||     4
 Armour: Scale mail        ||    35
  Dodge: Dodged            ||    35
  Block: Buckler           ||    22

Table legend: (Time is in decaauts)
 A = Elapsed time spent in this place.
 B = Non-inter-level travel time spent in this place.
 C = Inter-level travel time spent in this place.
 D = Time resting spent in this place.
 E = Time spent auto-exploring this place.
 F = Levels seen in this place.
 G = Mean time per level.
                   A        B        C        D        E       F      G
               +--------+--------+--------+--------+--------+-----+--------+
         Total |   1112 |   1073 |     39 |    183 |    619 |   2 |  556.0 |
       Dungeon |   1112 |   1073 |     39 |    183 |    619 |   2 |  556.0 |
               +--------+--------+--------+--------+--------+-----+--------+

Top non-repeatable levels by time:
     D:1: 869 daAuts
     D:2: 242 daAuts
